Map: 2000 Atmospheres LE

Players

Maru - Winner!

  • Race: Terran Terran

Dream

  • Race: Terran Terran

Event: IEM Katowice 2022

VOD

Have the link to the VOD?

Description

Time

  • Played on: Feb. 26, 2022, 9:01 a.m.
  • Length: 27:20

All games in this series

Show
View Real Time Build Order
Export as new Build Order

Maru Terran - Winner!

Build Orders:  

Get SALT Encoding   

  12  0:00  SCV  
  13  0:12  SCV  
  14  0:16  Supply Depot  
  14  0:24  SCV  
  15  0:38  SCV  
  15  0:39  Barracks  
  16  0:43  Refinery  
  16  0:50  SCV  
  16  0:52  Refinery  
  17  1:02  SCV  
  18  1:14  SCV  
  19  1:26  Reaper, Orbital Command  
  19  1:30  Supply Depot  
  20  1:40  Factory  
  20  1:52  SCV  
  21  1:58  Reaper  
  22  2:04  SCV  
  23  2:16  SCV  
  23  2:17  Command Center  
  24  2:23  Hellion  
  24  2:28  SCV  
  27  2:34  Reaper  
  28  2:37  Supply Depot  
  28  2:40  SCV  
  29  2:45  Hellion  
  31  2:58  Starport  
  31  2:59  SCV  
  32  3:11  SCV  
  34  3:14  Factory Tech Lab  
  34  3:20  Barracks Reactor  
  34  3:21  Refinery  
  34  3:23  SCV  
  32  3:35  SCV, Cyclone  
  33  3:42  Starport Tech Lab  
  33  3:43  Orbital Command  
  33  3:45  Medivac  
  33  3:48  SCV  
  36  3:56  Marine  
  36  3:57  Marine  
  36  4:01  SCV  
  39  4:07  Command Center, Cyclone  
  42  4:10  SCV  
  42  4:14  Marine x2  
  45  4:19  SCV  
  45  4:21  Starport Tech Lab  
  45  4:22  SCV  
  47  4:24  Supply Depot  
  47  4:31  SCV  
  48  4:33  Marine  
  48  4:34  Marine  
  50  4:39  Siege Tank  
  50  4:42  SCV  
  54  4:45  Raven  
  54  4:46  SCV  
  57  4:54  Supply Depot, SCV  
  57  4:56  Marine x2  
  57  4:58  SCV  
  61  5:06  Supply Depot, SCV  
  62  5:15  SCV, Siege Tank  
  62  5:20  SCV  
  67  5:21  Orbital Command  
  67  5:28  SCV  
  68  5:29  Raven  
  68  5:30  Refinery, Marine x2  
  68  5:32  SCV  
  73  5:40  SCV  
  74  5:44  SCV  
  74  5:47  SCV, Siege Tank  
  79  5:52  SCV  
  79  5:54  Orbital Command  
  79  5:55  Marine x2  
  82  6:00  Barracks  
  82  6:03  SCV  
  82  6:04  Barracks, SCV  
  83  6:08  Engineering Bay x2  
  84  6:16  SCV x2  
  84  6:17  Supply Depot  
  86  6:21  SCV  
  87  6:28  SCV x2  
  87  6:30  Viking x2  
  86  6:33  SCV  
  87  6:40  SCV x2  
  87  6:45  SCV  
  89  6:48  Siege Tank  
  89  6:52  SCV  
  89  6:53  SCV  
  94  6:57  SCV  
  94  6:58  Barracks Reactor x2  
  94  6:59  Supply Depot, Stimpack  
  94  7:00  Viking  
  95  7:01  Terran Infantry Weapons Level 1  
  95  7:04  Terran Infantry Armor Level 1  
  95  7:06  SCV x2  
  95  7:08  Supply Depot  
  97  7:10  SCV  
  98  7:18  SCV x2  
  98  7:19  Supply Depot, Missile Turret  
  98  7:22  SCV  
  101  7:30  SCV, Refinery x2  
  101  7:33  Command Center  
  101  7:35  Siege Tank  
  104  7:41  SCV x2  
  104  7:42  Marine  
  104  7:43  Marine x4  
  111  7:46  SCV  
  111  7:49  Viking x2  
  116  7:51  Sensor Tower  
  116  7:53  SCV  
  116  7:54  Supply Depot x2, SCV  
  118  7:58  SCV  
  118  8:05  SCV  
  120  8:06  Barracks x2, SCV  
  120  8:10  SCV  
  120  8:11  Armory, Siege Tank  
  125  8:17  SCV  
  125  8:18  SCV  
  127  8:22  SCV, Viking x2  
  132  8:29  SCV  
  132  8:30  SCV  
  134  8:36  Marine x4  
  134  8:37  SCV  
  139  8:41  SCV, Combat Shield  
  139  8:42  Marine  
  141  8:52  Viking x2  
  141  8:53  Siege Tank  
  141  8:54  Barracks Reactor x2, Marine x4  
  152  8:59  Marine  
  152  9:01  SCV x3  
  153  9:03  Missile Turret  
  153  9:04  Missile Turret, Terran Infantry Weapons Level 2  
  153  9:05  Terran Infantry Armor Level 2  
  153  9:14  Terran Vehicle Weapons Level 1  
  153  9:16  Supply Depot, Planetary Fortress  
  153  9:21  Refinery x2  
  153  9:23  Marine x2, Sensor Tower  
  155  9:26  Supply Depot  
  155  9:29  Supply Depot  
  155  9:35  Viking x2  
  155  9:37  Command Center  
  155  9:38  SCV x2  
  156  9:47  Siege Tank  
  156  9:51  Factory  
  159  9:53  SCV x3  
  159  9:55  Supply Depot  
  159  10:05  Starport x2, Medivac x2  
  163  10:11  SCV x2  
  163  10:12  SCV x2  
  167  10:15  Marine x3  
  167  10:19  Siege Tank  
  173  10:24  Armory  
  173  10:26  Marine x4  
  173  10:28  Barracks Reactor  
  177  10:32  Command Center  
  177  10:41  Starport x2  
  177  10:42  Starport Tech Lab x2  
  177  10:50  Marine x2  
  179  11:02  Sensor Tower  
  179  11:09  Raven x2, Corvid Reactor  
  183  11:17  Planetary Fortress  
  183  11:23  Starport Tech Lab  
  183  11:24  Starport Reactor  
  183  11:28  Terran Infantry Armor Level 3, Terran Infantry Weapons Level 3  
  183  11:34  Terran Vehicle And Ship Armor Level 1  
  183  11:37  Command Center  
  183  11:38  Command Center  
  183  11:40  Command Center x2  
  183  11:42  Command Center  
  183  11:46  Orbital Command  
  183  11:47  Missile Turret, Terran Vehicle Weapons Level 2  
  183  11:48  Missile Turret  
  183  11:49  Refinery  
  183  11:50  Refinery  
  183  11:51  Viking  
  183  11:52  Viking  
  185  12:20  Command Center  
  185  12:31  Viking, Raven x3  
  185  12:32  Viking x2  
  197  12:39  Command Center  
  197  12:42  Command Center  
  197  12:53  Planetary Fortress  
  197  12:54  Orbital Command  
  197  12:55  Refinery  
  197  12:57  Sensor Tower  
  196  13:07  Refinery  
  196  13:12  Command Center  
  196  13:14  Raven x2  
  196  13:15  Orbital Command x3  
  196  13:16  Missile Turret  
  196  13:19  Orbital Command  
  200  13:27  Starport  
  200  13:30  Starport  
  200  13:33  Terran Vehicle And Ship Armor Level 2  
  200  13:37  Missile Turret  
  200  13:55  Missile Turret x2  
  200  14:02  Viking x2  
  200  14:04  Terran Ship Weapons Level 1  
  200  14:09  Neosteel Armor, Hi-Sec Auto Tracking  
  190  14:11  Starport Tech Lab, Starport Reactor  
  190  14:13  Viking  
  190  14:14  Viking x2  
  183  14:32  Marine x8, Siege Tank  
  183  14:33  Siege Tank  
  183  14:34  Viking x3  
  200  14:43  Missile Turret  
  199  14:54  SCV  
  200  15:14  Siege Tank  
  200  15:16  Planetary Fortress  
  200  15:25  Missile Turret  
  200  15:32  Missile Turret  
  198  15:47  Viking x2, Marine x2  
  198  15:48  Viking x2, Sensor Tower  
  198  15:49  Terran Vehicle Weapons Level 3  
  156  15:50  Marine, Siege Tank x2  
  156  15:51  Viking x3, Marine x5  
  156  15:52  Raven x3  
  168  15:59  Marine x2  
  170  16:05  Marine x2  
  172  16:12  Marine  
  172  16:13  Marine x4  
  172  16:17  Viking x2  
  181  16:19  Viking x2  
  181  16:20  Terran Ship Weapons Level 2  
  181  16:21  Raven, Viking  
  181  16:22  Siege Tank  
  184  16:28  Marine x5, Orbital Command  
  184  16:30  Marine x2  
  184  16:36  Viking x4  
  184  16:37  Siege Tank  
  193  16:47  Marine x6  
  191  16:54  Siege Tank  
  189  17:09  Siege Tank  
  173  17:27  Siege Tank  
  173  17:28  Raven x3  
  173  17:29  Marine  
  158  17:30  Marine  
  158  17:34  Orbital Command  
  153  17:41  Siege Tank  
  153  17:43  SCV x5  
  150  17:52  Viking x2  
  150  17:53  Starport Tech Lab, Viking x2  
  150  17:54  Marine x2  
  150  17:55  SCV x2, Marine x3  
  150  17:58  SCV, Refinery  
  166  17:59  Siege Tank  
  166  18:03  SCV x4  
  173  18:07  SCV  
  173  18:11  Raven x3  
  173  18:12  Raven  
  176  18:13  Marine, Siege Tank  
  176  18:15  SCV x2  
  182  18:26  Marine x5, Terran Vehicle And Ship Armor Level 3  
  187  18:27  Viking x2  
  187  18:31  Siege Tank  
  192  18:45  Marine x2, Siege Tank  
  192  18:46  Marine  
  198  18:50  Command Center  
  198  18:54  Raven  
  200  19:07  Viking  
  185  19:11  Siege Tank  
  164  19:19  Siege Tank  
  164  19:20  Viking  
  164  19:21  Viking x4  
  164  19:24  Marine, Liberator  
  178  19:37  Marine  
  170  19:40  Orbital Command  
  170  19:43  Raven x3, Siege Tank  
  170  19:45  Marine x7  
  168  19:46  Marine x2  
  168  19:51  Siege Tank  
  179  19:55  Marine  
  179  19:58  Refinery  
  180  20:03  Marine x6, Command Center x2  
  180  20:04  Refinery x2  
  180  20:06  Raven  
  188  20:08  Marine  
  188  20:09  Marine x2  
  188  20:13  Marine  
  192  20:16  Siege Tank  
  192  20:21  Marine x3  
  184  20:26  Raven x3  
  184  20:27  Marine x2  
  184  20:28  Marine x4  
  196  20:30  Marine  
  196  20:31  Command Center  
  197  20:37  Terran Ship Weapons Level 3  
  197  20:38  Marine  
  197  20:39  Orbital Command  
  194  21:05  Viking x3  
  190  21:12  Raven x3  
  192  21:33  Viking x2  
  192  21:35  Orbital Command x2  
  192  21:38  SCV x2  
  190  21:46  SCV x3  
  187  21:58  Orbital Command  
  184  22:02  Viking x2  
  184  22:04  SCV, Raven x2  
  193  22:17  Viking  
  192  22:36  Marine x3  
  180  22:37  Viking x2, Raven x2  
  183  22:47  Raven  
  164  22:51  Marine, Siege Tank  
  164  22:52  Siege Tank  
  167  22:59  Marine  
  166  23:13  Raven  
  166  23:14  Marine  
  166  23:17  Medivac  
  166  23:19  Raven  
  171  23:24  Siege Tank x2  
  151  23:48  Raven  
  132  23:49  Marine x4  
  132  23:51  Marine x5  
  137  23:58  Raven  
  137  23:59  Marine  
  136  24:03  Medivac  
  136  24:07  Marine x4  
  136  24:09  Marine x5  
  146  24:15  Siege Tank  
  146  24:16  Marine  
  150  24:25  Marine x4  
  150  24:26  Marine  
  150  24:27  Marine x3, Siege Tank  
  161  24:33  Marine  
  161  24:34  Marine  
  163  24:40  SCV x3  
  163  24:41  SCV x2  
  163  24:43  Marine x4  
  163  24:44  Marine  
  173  24:47  Siege Tank  
  173  24:48  Orbital Command  
  173  24:50  Raven  
  173  24:51  Marine x4  
  173  24:52  SCV x3, Marine  
  186  25:12  Marine x2, Siege Tank  
  186  25:13  Raven  
  183  25:14  SCV  
  183  25:15  Orbital Command  
  183  25:20  Marine x8, Siege Tank  
  195  25:27  Viking  
  195  25:28  Viking  
  199  25:29  Marine  
  196  25:41  Marine  
  167  25:44  Marine  
  167  25:45  Marine, Siege Tank  
  156  25:50  Marine, Medivac  
  156  25:51  Marine  
  156  25:52  Siege Tank  
  156  25:55  Marine  
  156  25:56  Marine x4  
  168  25:59  Marine  
  168  26:00  Raven  
  168  26:02  Marine x2  
  171  26:12  Marine x2  
  171  26:13  Marine x2  
  171  26:15  Raven  
  173  26:18  Marine x2  
  173  26:19  Marine  
  176  26:28  Raven  
  168  26:48  Viking  
Show
View Real Time Build Order
Export as new Build Order

Dream Terran 

Build Orders:  

Get SALT Encoding   

  12  0:00  SCV  
  13  0:12  SCV  
  14  0:17  Supply Depot  
  14  0:24  SCV  
  15  0:38  SCV  
  15  0:39  Barracks  
  15  0:42  Refinery  
  16  0:50  SCV  
  16  0:54  Refinery  
  17  1:02  SCV  
  18  1:15  SCV  
  19  1:26  Reaper  
  19  1:27  Orbital Command  
  19  1:29  Supply Depot  
  20  1:42  Factory  
  20  1:52  SCV  
  21  1:58  Reaper  
  22  2:04  SCV  
  23  2:16  SCV  
  24  2:25  Command Center  
  24  2:28  SCV  
  25  2:35  Hellion  
  25  2:36  Reaper  
  27  2:40  SCV  
  27  2:42  Supply Depot  
  28  2:54  SCV, Starport  
  28  2:57  Hellion  
  31  3:08  SCV  
  31  3:17  Barracks Reactor  
  31  3:19  Factory Tech Lab  
  31  3:20  SCV  
  32  3:32  SCV  
  33  3:40  Orbital Command  
  32  3:41  Starport Tech Lab  
  32  3:44  SCV, Refinery  
  32  3:45  Cyclone  
  36  3:53  Marine x2  
  38  3:56  SCV  
  38  4:01  Raven  
  41  4:06  SCV  
  41  4:08  SCV  
  43  4:11  Marine x2  
  43  4:15  Supply Depot  
  45  4:18  SCV, Siege Tank  
  45  4:20  SCV  
  45  4:22  Supply Depot  
  50  4:29  Marine  
  50  4:30  SCV, Marine  
  53  4:33  SCV  
  53  4:36  Supply Depot  
  54  4:42  SCV  
  54  4:44  Raven  
  54  4:45  SCV  
  57  4:54  SCV  
  57  4:57  SCV  
  59  5:01  Siege Tank, Command Center  
  59  5:06  SCV  
  63  5:09  SCV  
  63  5:10  Marine x2  
  66  5:18  SCV  
  66  5:21  SCV  
  67  5:24  Supply Depot  
  67  5:29  Refinery, Raven  
  67  5:30  SCV  
  67  5:33  SCV  
  71  5:39  Marine x2  
  74  5:42  SCV  
  74  5:43  Siege Tank  
  74  5:45  SCV  
  77  5:52  Supply Depot  
  77  5:55  SCV  
  78  5:57  SCV, Marine x2  
  78  5:59  Supply Depot  
  78  6:02  Engineering Bay  
  78  6:04  Engineering Bay  
  81  6:07  SCV  
  81  6:09  SCV  
  83  6:15  Barracks  
  83  6:16  Barracks  
  83  6:19  SCV  
  83  6:21  SCV  
  85  6:26  Marine  
  85  6:27  Viking x2, Stimpack  
  85  6:31  SCV  
  91  6:33  SCV  
  91  6:35  Orbital Command  
  92  6:42  Siege Tank  
  92  6:43  SCV, Terran Infantry Weapons Level 1  
  92  6:46  SCV  
  97  6:55  SCV  
  97  6:57  Viking  
  97  6:58  SCV  
  97  6:59  Viking  
  103  7:01  Terran Infantry Armor Level 1  
  103  7:02  SCV  
  103  7:07  SCV, Refinery  
  105  7:09  Refinery  
  105  7:10  SCV  
  105  7:14  SCV  
  105  7:15  Supply Depot  
  107  7:19  Barracks Reactor x2  
  107  7:20  Siege Tank  
  107  7:21  SCV  
  107  7:22  SCV  
  112  7:26  SCV  
  113  7:30  Marine  
  113  7:33  SCV, Viking  
  113  7:36  SCV, Viking  
  120  7:38  SCV  
  119  7:47  Armory, Marine  
  119  7:48  SCV x2, Barracks  
  119  7:49  Supply Depot, Barracks  
  119  7:50  SCV  
  120  7:52  Sensor Tower  
  120  7:55  Siege Tank  
  120  7:56  Marine x2  
  125  8:07  Supply Depot x2  
  125  8:08  Combat Shield  
  125  8:10  Marine x3, Medivac x2  
  131  8:14  Marine  
  131  8:15  Marine  
  133  8:23  Supply Depot  
  133  8:24  Command Center  
  133  8:28  Marine x3, Siege Tank  
  133  8:32  Marine  
  139  8:40  Viking x2  
  139  8:41  Terran Infantry Weapons Level 2  
  143  8:42  Supply Depot, Barracks Reactor x2  
  143  8:44  Supply Depot  
  143  8:47  Supply Depot  
  143  8:55  Terran Infantry Armor Level 2  
  143  9:00  Terran Vehicle Weapons Level 1  
  143  9:10  Viking x2, Command Center  
  143  9:16  Supply Depot  
  147  9:21  Siege Tank  
  148  9:25  Command Center  
  148  9:33  Refinery, Factory  
  148  9:34  Starport  
  148  9:36  Refinery  
  148  9:41  Barracks Reactor  
  148  9:47  Viking x2  
  148  9:50  Starport  
  152  9:53  SCV x3, Missile Turret  
  155  10:00  Siege Tank  
  155  10:05  SCV, Marine x2  
  155  10:06  Marine x6  
  167  10:09  SCV x2  
  167  10:14  Orbital Command  
  169  10:17  SCV, Sensor Tower  
  169  10:18  Missile Turret  
  169  10:19  Viking  
  169  10:20  Starport Tech Lab  
  172  10:22  Viking  
  172  10:25  Armory  
  174  10:41  Starport Tech Lab, Raven  
  174  10:42  Corvid Reactor  
  176  10:46  Orbital Command x2  
  176  10:49  Viking  
  178  10:52  Viking  
  178  10:54  Missile Turret  
  180  11:05  Raven  
  180  11:06  Command Center  
  170  11:19  Viking, Command Center  
  170  11:24  Raven  
  180  11:27  Terran Vehicle Weapons Level 2  
  180  11:29  Terran Ship Weapons Level 1  
  172  11:34  Command Center  
  172  11:35  Barracks x2  
  172  11:37  Command Center  
  172  11:42  Terran Infantry Weapons Level 3  
  172  11:43  Marine x3  
  172  11:44  Marine x2  
  177  11:47  Raven  
  177  11:49  Terran Infantry Armor Level 3  
  179  12:03  Viking x2  
  179  12:06  Missile Turret  
  181  12:26  Missile Turret, Raven  
  181  12:27  Missile Turret  
  181  12:28  Sensor Tower  
  180  12:30  Raven  
  180  12:33  Viking x2  
  186  12:38  Refinery x2  
  186  12:39  Barracks Reactor  
  186  12:40  Barracks Reactor  
  185  12:57  Orbital Command  
  184  13:00  Planetary Fortress  
  184  13:01  Refinery  
  184  13:02  Refinery  
  184  13:03  Viking x2  
  188  13:09  Raven  
  190  13:13  Raven  
  192  13:26  Missile Turret  
  192  13:30  Terran Ship Weapons Level 2  
  192  13:43  Terran Vehicle And Ship Armor Level 1  
  192  13:47  Viking x2  
  192  13:48  Planetary Fortress  
  192  13:52  Raven  
  194  13:56  Raven  
  194  14:01  Missile Turret, Sensor Tower  
  194  14:02  Refinery x2  
  184  14:14  Starport x2  
  182  14:25  Missile Turret  
  182  14:27  Missile Turret  
  180  14:36  Raven, Siege Tank x2  
  180  14:37  Viking x2  
  186  14:39  Raven  
  183  15:05  Marine x5  
  183  15:06  Marine  
  183  15:07  Marine x8  
  183  15:08  Siege Tank x2  
  194  15:23  Marine x3  
  194  15:26  Sensor Tower  
  194  15:27  Missile Turret  
  197  15:40  Siege Tank  
  199  15:45  Marine  
  199  15:46  Marine  
  199  15:48  Marine x3  
  170  15:52  Siege Tank  
  173  15:58  Raven x2  
  173  15:59  Viking x2  
  173  16:01  Marine x5  
  173  16:02  Marine x3  
  173  16:04  Marine x2  
  190  16:05  Marine  
  190  16:06  Marine  
  190  16:09  Marine  
  189  16:12  Siege Tank  
  189  16:14  Marine  
  190  16:19  Marine x2  
  190  16:24  Siege Tank  
  195  16:28  Marine x2  
  195  16:29  Marine  
  195  16:30  Marine x3  
  195  16:31  Marine  
  200  16:40  Marine  
  200  16:42  Marine  
  200  16:45  Raven, Siege Tank  
  200  16:46  Starport Reactor  
  199  16:50  Starport Reactor  
  199  16:56  Siege Tank  
  200  17:06  Missile Turret x2  
  197  17:13  Marine  
  195  17:18  Marine  
  186  17:23  Orbital Command  
  186  17:28  Raven x2  
  186  17:29  Viking x6  
  174  17:35  Marine  
  155  17:38  Marine  
  155  17:39  Marine  
  155  17:40  Marine  
  155  17:41  Marine x4  
  155  17:42  Marine x3  
  162  17:49  Orbital Command, Marine  
  162  17:50  Marine x2  
  162  17:53  Marine  
  162  17:54  Siege Tank x2  
  162  17:57  Terran Vehicle And Ship Armor Level 2  
  162  17:58  Terran Ship Weapons Level 3  
  169  17:59  Viking x2  
  169  18:03  Marine x4  
  177  18:08  Marine  
  177  18:09  Marine x3  
  177  18:13  Marine x4  
  177  18:14  Marine  
  180  18:38  Siege Tank x2  
  180  18:39  Viking, Raven x2  
  192  18:45  Viking  
  192  18:46  Viking x3  
  179  19:10  Siege Tank x2  
  179  19:11  Viking x2  
  179  19:15  Viking  
  179  19:16  Viking x2  
  191  19:17  Marine  
  191  19:18  Marine x4  
  191  19:22  Marine  
  195  19:26  Raven x2  
  195  19:29  Viking  
  180  19:40  Marine x5  
  180  19:41  Viking, Marine x4  
  160  19:47  Viking  
  160  19:49  Orbital Command  
  160  19:51  Viking  
  164  20:01  Viking x2  
  164  20:02  Viking  
  170  20:08  Raven  
  170  20:10  Viking  
  168  20:21  Marine  
  168  20:22  Marine x6  
  168  20:25  Viking x2  
  168  20:26  Viking  
  179  20:33  Viking  
  181  20:39  Viking x2  
  181  20:40  Raven  
  187  20:49  Missile Turret  
  185  20:57  Viking  
  185  21:07  Terran Vehicle And Ship Armor Level 3  
  185  21:09  Viking x4  
  181  21:13  Viking  
  178  21:26  Raven  
  178  21:27  Viking  
  178  21:28  Marine x7  
  178  21:31  Marine  
  190  21:35  Marine  
  190  21:37  Viking  
  190  21:39  Viking, Marine x2  
  197  21:41  Marine x3  
  197  21:56  Raven  
  197  21:57  Viking x2  
  197  21:59  Marine  
  195  22:21  Siege Tank  
  198  22:33  Marine x2  
  198  22:34  Marine  
  200  22:44  Marine  
  200  22:45  Marine  
  200  22:48  Marine x4  
  197  22:58  Marine  
  198  23:08  Raven x2  
  198  23:10  Viking  
  183  23:36  Marine x2  
  183  23:37  Marine x3  
  166  23:46  Marine x6  
  166  23:47  Marine, Siege Tank x2  
  138  23:50  Viking x3  
  138  23:51  Raven x2  
  138  23:52  Marine  
  138  23:53  Marine  
  138  23:54  Marine  
  143  23:58  Marine x3  
  143  23:59  Marine  
  129  24:04  Marine x7  
  128  24:10  Marine x2  
  128  24:12  Marine  
  128  24:16  Marine x4  
  133  24:19  Siege Tank x2  
  133  24:22  Marine x7  
  147  24:28  Marine x2  
  147  24:29  Marine  
  150  24:33  Marine  
  150  24:34  Marine x3  
  150  24:37  Viking x6  
  166  24:40  Marine x2  
  166  24:42  Marine  
  166  24:43  Marine x4  
  173  24:46  Marine x2  
  173  24:47  Marine  
  173  24:51  Marine x3, Siege Tank x2  
  173  24:52  Marine  
  186  24:57  Raven  
  186  24:58  Raven  
  180  25:15  Medivac x2  
  180  25:16  Marine x6  
  188  25:25  Marine  
  187  25:30  Marine x2  
  185  25:37  Marine x5  
  185  25:38  Marine x4  
  185  25:41  Marine  
  185  25:42  Marine  
  145  25:43  Marine, Siege Tank  
  145  25:44  Siege Tank  
  145  25:48  Marine x2  
  129  25:55  Marine x5  
  129  25:56  Marine x4  
  136  25:59  Marine x2  
  136  26:01  Marine  
  139  26:06  Marine  
  140  26:15  Siege Tank  
  132  26:21  Siege Tank  
  132  26:24  Orbital Command  
  133  26:43  Marine  
  134  26:48  Siege Tank  

Tags
 
Add a new tag
Caveats
  • Supply blocks, unpowered buildings, or Contaminate may cause inaccurate times.
  • Supply counts are checked every 10 seconds.